 Dungeon Crawl Stone Soup version 0.30-a0-1123-gabc949cf19 (webtiles) character file.

Game seed: 11277876668704559979

18369 Sobieck the Transmogrifier (level 12, -3/100 HPs)
             Began as a Grey Draconian Transmuter on Apr 22, 2023.
             Was an Elder of Wu Jian.
             Slain by a death yak (18 damage)
             ... on level 1 of the Lair of Beasts.
             The game lasted 00:31:23 (13753 turns).

Sobieck the Transmogrifier (DrTm)                  Turns: 13753, Time: 00:31:24

Health: -3/100     AC: 15    Str: 23    XL:     12   Next: 27%
Magic:  18/18      EV: 24    Int: 17    God:    Wu Jian [****..]
Gold:   224        SH: 21    Dex: 12    Spells: 8/19 levels left

rFire   . .          .
                       - Unarmed
rCold   + . .        A - +7 kite shield "Seittonk" {rCorr Str+6 Int+3}
rNeg    . . .        (body armour unavailable)
rPois   .            H - +0 hat
rElec   .            (no cloak)
rCorr   +            i - +1 pair of gloves
SInv    .            (no boots)
Will    .....        u - amulet of reflection
Stlth   +            N - +4 ring of slaying
HPRegen 0.36/turn    J - ring of protection from cold
MPRegen 0.16/turn

%: reflection
@: in a heavenly storm, glowing
A: AC +13, amphibious, unfitting armour, cold-blooded
a: Renounce Religion, Wall Jump, Serpent's Lash


You were on level 1 of the Lair of Beasts.
You worshipped Wu Jian.
Wu Jian was greatly pleased with you.
You visited 3 branches of the dungeon, and saw 14 of its levels.
You also visited: Ossuary.

You collected 1082 gold pieces.
You spent 858 gold pieces at shops.


Innate Abilities, Weirdness & Mutations

Your dull iron-grey scales are very hard. (AC +13)
You are amphibious.
You cannot fit into any form of body armour.
You are cold-blooded and may be slowed by cold attacks.


   Skills:
 + Level 7.1 Fighting
 - Level 1.7 Dodging
 - Level 3.0 Stealth
 - Level 5.0 Shields
 - Level 13.0 Unarmed Combat
 - Level 4.0 Spellcasting
 - Level 13.0 Transmutations
 - Level 1.0 Poison Magic


You had 8 spell levels left.
You knew the following spells:

 Your Spells              Type           Power      Damage    Failure   Level
a - Beastly Appendage     Tmut           94%        N/A       1%          1
b - Wereblood             Tmut           47%        N/A       1%          2
c - Spider Form           Tmut/Pois      27%        N/A       8%          3
d - Blade Hands           Tmut           23%        N/A       6%          5

Your spell library contained the following spells:

 Spells                   Type           Power      Damage    Failure   Level
 Ice Form                 Ice/Tmut       25%        N/A       30%         4
 Necrotise                Necr           12%        1d4       41%         1
 Scorch                   Fire           6%         2d5       54%         2
 Portal Projectile        Hex/Tloc       6%         N/A       78%         3
 Tukima's Dance           Hex            3%         N/A       78%         3
 Anguish                  Hex/Necr       1%         N/A       99%         4
 Flame Wave               Conj/Fire      3%         2d5       99%         4
 Summon Ice Beast         Ice/Summ       3%         N/A       99%         4
 Borgnjor's Vile Clutch   Necr/Erth      1%         N/A       100%        5
 Summon Mana Viper        Hex/Summ       3%         N/A       100%        5
 Summon Cactus Giant      Summ           1%         N/A       100%        6
 Haunt                    Necr/Summ      1%         N/A       100%        7
 Monstrous Menagerie      Summ           1%         N/A       100%        7

Inventory:

Missiles
 c - 34 poisoned darts {throwing}
 e - 135 stones {throwing}
 v - 6 boomerangs {throwing}
 I - a throwing net {=f!fthrowing}
 L - a curare-tipped dart {=fthrowing}
 P - 5 atropa-tipped darts {throwing}
Armour
 i - a +1 pair of gloves (worn)
   (You found it on level 1 of the Dungeon)
 A - the +7 kite shield "Seittonk" (worn) {rCorr Str+6 Int+3}
   (You found it on level 6 of the Dungeon)

   Str:       It affects your strength (+6).
   Int:       It affects your intelligence (+3).
   rCorr:     It protects you from acid and corrosion.
 H - a +0 hat (worn)
   (You found it on level 8 of the Dungeon)
 V - a +2 pair of gloves
   (You found it on level 1 of the Lair of Beasts)
Jewellery
 f - a ring of flight
   (You found it on level 1 of the Dungeon)
 k - a ring of magical power
   (You found it on level 1 of the Dungeon)
 u - an amulet of reflection (around neck)
   (You found it on level 3 of the Dungeon)
 D - a ring of see invisible
   (You found it on level 7 of the Dungeon)
 F - an amulet of the acrobat
   (You found it on level 7 of the Dungeon)
 J - a ring of protection from cold (right hand)
   (You found it on level 8 of the Dungeon)
 N - a +4 ring of slaying (left hand)
   (You bought it in a shop on level 4 of the Dungeon)
 Q - a ring of positive energy
   (You found it on level 10 of the Dungeon)
Wands
 r - a wand of charming (14)
   (You found it on level 2 of the Dungeon)
 z - a wand of iceblast (11)
   (You found it on level 5 of the Dungeon)
 B - a wand of flame (15)
   (You found it on level 7 of the Dungeon)
 K - a wand of polymorph (6)
   (You found it on level 8 of the Dungeon)
 S - a wand of digging (7)
   (You found it on level 11 of the Dungeon)
Scrolls
 g - 2 scrolls of enchant weapon
 j - 2 scrolls of brand weapon
 m - 2 scrolls of teleportation {@r4}
 p - 5 scrolls of blinking {!r}
 s - a scroll of vulnerability {!r!r}
 x - a scroll of butterflies
 y - 3 scrolls of fear
 C - 2 scrolls of identify {@r1}
 M - a scroll of magic mapping {!r}
 O - a scroll of poison {!r}
 T - 2 scrolls of enchant armour
 U - a scroll of fog {unknown}
Potions
 a - 2 potions of lignification {!q}
 b - 4 potions of ambrosia
 d - 2 potions of magic
 h - 3 potions of might
 l - 2 potions of brilliance
 n - 2 potions of resistance
 o - 2 potions of attraction {!q}
 q - 2 potions of curing {@q1}
 t - 2 potions of flight
 w - 2 potions of invisibility
 E - a potion of mutation {!q}
 G - 2 potions of cancellation
 R - a potion of heal wounds {@q2}

Dungeon Overview and Level Annotations

Branches:
Dungeon (12/15) Zot: 26910  Temple (1/1) D:5 Zot: 5931    Lair (1/5) D:11 Zot: 4568
Ossuary (visited)
    Orc: D:9-12

Altars:
Ashenzari
Cheibriados
Dithmenos
Elyvilon
Fedhas
Gozag
Hepliaklqana
Kikubaaqudgha
Makhleb
Nemelex Xobeh
Okawaru
Qazlal
Ru
Sif Muna
Trog
Uskayaw
Vehumet
Wu Jian
Xom
Yredelemnul
Zin
The Shining One

Shops:
D:4 =

Annotations:
D:7 3 runed translucent doors, exclusion: moth of wrath, Grieffels's ghost, novice MiBe
D:8 1 runed translucent door
D:11 exclusion: ice statue

~..≈~.........∩.........
≈~~≈~..~.............~.Z
~~~~Z~~~~~h~.....~~..~~≈
~~4~~~~≈~≈~~Y≈~~Z~≈~≈≈~~
#####~§☼~~~~~~~~~~~~~Y~~
######☼§§☼§§☼§☼☼§§§~~#.#
...§§☼§☼§☼§☼YZ☼YY§§...[.
...○☼☼§§§§Y§Y§hYY§§.....
...§☼☼§§☼§☼§☼§§Y@Y§.....
...§§§☼☼§☼§§☼☼§Y§§☼.....
####..##§§☼##§§☼#☼§#####
######### ....### ..## #
...# # ..## ## ..# .#
#...#


You could see a death yak, a polar bear and 6 yaks.


Message History

You hear a bellow! x6; You hear an angry growl.
You hear a bellow!
You hear a howl!
You block the wolf's attack.
The two-headed ogre simulacrum barely misses you.
The two-headed ogre simulacrum hits you but does no damage.
You block the wolf's attack.
You spin and attack the rime drake repeatedly.
You punch the rime drake!
Your tail-slap misses the rime drake.
You hit the rime drake.
You spin and attack the wolf repeatedly.
You punch the wolf! x2
You kill the wolf!
The Council accepts your kill. The rime drake barely misses you.
Unknown command. 2 yaks come into view.
You spin and attack the rime drake repeatedly.
You punch the rime drake! x2
You kill the rime drake!
The Council accepts your kill.
You spin and attack the two-headed ogre simulacrum repeatedly.
You punch the two-headed ogre simulacrum!
You pummel the two-headed ogre simulacrum!!
The Council accepts your kill. The ice encasing you melts away.
You hear a howl!
You hear a bellow! x2
The yak moves out of view. x2
Training target 13.0 for Unarmed Combat reached!
Your Unarmed Combat skill increases to level 13!
Unknown command. 3 yaks come into view.
You hear a bellow!
The yak moves out of view. x3
You hear a bellow! 3 yaks come into view.
You hear a bellow!
The yak moves out of view. x3
Danger! 2 yaks come into view.
The yak bellows!
You hear a bellow!
The yak moves out of view. x2
You hear an angry hiss.
Unknown command.
A polar bear comes into view.
You spin and attack the yak.
The polar bear growls angrily.
You punch the yak!
You spin and attack the yak.
You pummel the yak!! You block the yak's attack. The yak closely misses you.
You block the yak's attack.
The polar bear moves out of view.
Unknown command.
A polar bear simulacrum and a yak come into view.
You spin and attack the yak.
You punch the yak!
You kill the yak!
The Council accepts your kill.
You spin and attack the yak.
You barely miss the yak.
You hear a bellow!
You block the yak's attack.
The polar bear simulacrum moves out of view.
The yak moves out of view.
Your Fighting skill increases to level 7!
Unknown command.
A death yak simulacrum comes into view.
You spin and attack the yak.
You punch the yak!
You spin and attack the yak repeatedly.
You punch the yak! You hit the yak but do no damage.
Your tail-slap misses the yak.
You block the yak's attack. x3; The yak gores you!
* * * LOW HITPOINT WARNING * * *
The death yak simulacrum moves out of view.
Unknown command.
A death yak comes into view.
You spin and attack the yak.
You punch the yak! You tail-slap the yak!
You hear a bellow!
You block the polar bear's attack.
The polar bear claws you but does no damage.
The polar bear closely misses you.
The death yak moves out of view.
Unknown command.
You spin and attack the polar bear.
You barely miss the polar bear.
You spin and attack the yak.
You punch the yak!
You spin and attack the yak.
You punch the yak!
You kill the yak!
The Council accepts your kill.
You hear an angry hiss.
You block the polar bear's attack. x2; The polar bear misses you.
Unknown command.
A yak comes into view.
You spin and attack the polar bear.
You punch the polar bear! You block the polar bear's attack.
The polar bear barely misses you. You block the polar bear's attack.
The yak moves out of view.
Unknown command.
A wolf simulacrum comes into view.
You spin and attack the yak.
You pummel the yak!! The yak gores you but does no damage.
You block the death yak's attack.
The wolf simulacrum moves out of view.
Unknown command.
You spin and attack the death yak.
You punch the death yak!
You spin and attack the yak.
You punch the yak!
You spin and attack the yak.
You punch the yak! The yak gores you!
* * * LOW HITPOINT WARNING * * *
The death yak gores you!!
You die...

Skill      XL: |  1  2  3  4  5  6  7  8  9 10 11 12 |
---------------+-------------------------------------+-----
Stealth        | 1 2 3 |  3.0
Fighting       | 2 3 4 5 7 |  7.1
Poison Magic   | 1 |  1.0
Transmutations | 3 4 5 6 8 12 13 | 13.0
Unarmed Combat | 4 5 6 9 12 13 | 13.0
Spellcasting   | 3 4 |  4.0
Shields        | 1 4 5 |  5.0
Dodging        | |  1.7

Action                     |  1- 3 |  4- 6 |  7- 9 | 10-12 || total
---------------------------+-------+-------+-------+-------++-------
  Melee: Unarmed           |   127 |   123 |   487 |   395 ||  1132
         Kick              |    26 |    23 |   102 |    17 ||   168
         Headbutt          |    16 |     7 |    51 |    17 ||    91
         Tailslap          |    12 |    11 |    79 |    67 ||   169
         Punch             |       |     2 |     5 |    11 ||    18
   Cast: Beastly Appendage |    34 |    15 |    35 |     4 ||    88
         Spider Form       |       |     3 |       |       ||     3
         Wereblood         |       |     1 |       |       ||     1
         Blade Hands       |       |       |       |    17 ||    17
 Invoke: Heavenly Storm    |       |       |       |     1 ||     1
Ability: Lunge             |       |     8 |    33 |    25 ||    66
         Whirlwind         |       |       |     7 |    43 ||    50
         Wall Jump         |       |       |       |     9 ||     9
    Use: Scroll            |       |    10 |    10 |     6 ||    26
         Potion            |       |       |       |     8 ||     8
   Stab: Sleeping          |     3 |     1 |     6 |     1 ||    11
 Armour: Skin              |    37 |    30 |   112 |   111 ||   290
  Dodge: Dodged            |    79 |    70 |   111 |   132 ||   392
  Block: Other             |     3 |    24 |    28 |    35 ||    90
         Reflection        |       |     2 |     6 |    12 ||    20
         Kite shield       |       |       |   310 |   189 ||   499

Levels and vault maps discovered:
D:1:      wander_arrival_fairy_ring, layout_basic, minmay_pentomino_w2
D:2:      layout_basic, minmay_lizard_king
D:3:      layout_basic
D:4:      layout_loops_ring, serial_shops, shop, uniq_eustachio
D:5:      layout_loops_corners, minmay_temple_entry_stoned_glass
D:6:      layout_basic, lemuel_doored_altar, minitemple, enter_ossuary_3
D:7:      layout_loops_cross, tgw_trog, biasface_ghost_orc_armoury,
          corexii_leaking_fountain
D:8:      layout_basic, nzn_makhleb_speed_demon, kennysheep_mini_moat
D:9:      minmay_goldmine, layout_irregular_city, nicolae_uskayaw_dance_studio,
          kennysheep_little_box, palyth_stone_intersect, uniq_psyche
D:10:     layout_roguey, grunt_temple_overflow_order_and_chaos_1,
          fedhas_altar_3, wad_scary_box
D:11:     layout_rooms, lair_entry_dummy, minmay_statue_bubble
D:12:     layout_roguey, erik_orc_4, serial_demonic, serial_demonic_a,
          serial_demonic_g, serial_demonic_a, serial_demonic_d, uniq_frances
Temple:   chequers_temple_sunken
Lair:1:   dreamdust_isle_of_ice, layout_hall_layers,
          infiniplex_staircase_pool_2, grunt_megastairs_4

Notes
Turn   | Place    | Note
-------+----------+-------------------------------------------
     0 | D:1      | Sobieck the Draconian Transmuter began the quest for the
                  | Orb.
     0 | D:1      | Reached XP level 1. HP: 16/16 MP: 3/3
   159 | D:1      | Reached XP level 2. HP: 19/23 MP: 3/5
   273 | D:1      | You pick up a book of Scorching and begin reading...
   273 | D:1      | You add the spells Scorch, Flame Wave and Summon Cactus
                  | Giant to your library.
   337 | D:1      | Learned a level 2 spell: Wereblood
   998 | D:2      | Reached skill level 1 in Stealth
  1002 | D:2      | Reached XP level 3. HP: 24/29 MP: 6/6
  1374 | D:2      | Reached skill level 2 in Fighting
  1851 | D:3      | Learned a level 3 spell: Spider Form
  2219 | D:3      | Reached XP level 4. HP: 25/36 MP: 7/7
  2743 | D:5      | Entered Level 5 of the Dungeon
  2752 | D:5      | Found a staircase to the Ecumenical Temple.
  2760 | Temple   | Entered the Ecumenical Temple
  2806 | Temple   | Became a worshipper of the Wu Jian Council
  2954 | D:4      | Noticed Eustachio
  2967 | D:3      | Reached skill level 1 in Poison Magic
  2979 | D:3      | Reached skill level 3 in Transmutations
  2979 | D:3      | Reached XP level 5. HP: 41/42 MP: 9/9
  3221 | D:4      | HP: 10/42 [white imp[Eustachio] (2)]
  3222 | D:4      | HP: 2/42 [white imp/puff of frost[Eustachio] (3)]
  3490 | D:4      | Killed Eustachio
  3491 | D:4      | Reached skill level 3 in Fighting
  3491 | D:4      | Reached skill level 2 in Stealth
  3491 | D:4      | Reached skill level 4 in Unarmed Combat
  3491 | D:4      | Reached skill level 3 in Spellcasting
  3491 | D:4      | Reached XP level 6. HP: 50/51 MP: 10/10
  4035 | D:4      | Reached skill level 3 in Stealth
  4035 | D:4      | Reached skill level 4 in Transmutations
  4035 | D:4      | Your scales start taking on a dull iron-grey colour.
  4035 | D:4      | Reached XP level 7. HP: 53/58 MP: 12/12
  4138 | D:4      | You pick up a book of Weapons and begin reading...
  4138 | D:4      | You add the spells Tukima's Dance, Portal Projectile and
                  | Blade Hands to your library.
  4218 | D:4      | Found Somoufey's Jewellery Emporium.
  4256 | D:5      | Reached skill level 4 in Fighting
  4675 | D:5      | Reached skill level 4 in Spellcasting
  5075 | D:5      | Reached * piety under Wu Jian
  5317 | D:6      | Found a sand-covered staircase.
  5324 | D:6      | Identified the +7 kite shield "Seittonk" {rCorr Str+6
                  | Int+3}
  5338 | Ossuary  | Entered an ossuary
  5431 | Ossuary  | Reached ** piety under Wu Jian
  5648 | Ossuary  | Reached skill level 5 in Unarmed Combat
  5676 | Ossuary  | Noticed Menkaure
  5692 | Ossuary  | Killed Menkaure
  5693 | Ossuary  | Reached skill level 1 in Shields
  5693 | Ossuary  | Reached skill level 5 in Transmutations
  5693 | Ossuary  | Reached XP level 8. HP: 34/66 MP: 14/14
  5883 | D:6      | You pick up a book of Beasts and begin reading...
  5883 | D:6      | You add the spells Summon Ice Beast, Summon Mana Viper and
                  | Monstrous Menagerie to your library.
  5914 | D:6      | Reached skill level 2 in Shields
  5967 | D:6      | Found an ancient bone altar of Kikubaaqudgha.
  6068 | D:6      | HP: 16/66 [ogre/+0 giant club (19)]
  6071 | D:6      | Reached skill level 3 in Shields
  6071 | D:6      | Reached skill level 6 in Unarmed Combat
  6071 | D:6      | Reached skill level 6 in Transmutations
  6429 | D:6      | Found a sacrificial altar of Ru.
  6431 | D:6      | Found a white marble altar of Elyvilon.
  6433 | D:6      | Found a glowing golden altar of the Shining One.
  6567 | D:6      | Reached skill level 4 in Shields
  6591 | D:6      | Reached XP level 9. HP: 71/71 MP: 15/15
  6877 | D:7      | Reached *** piety under Wu Jian
  6941 | D:7      | Found a runed translucent gate.
  6941 | D:7      | Found a runed translucent gate.
  6942 | D:7      | Noticed Grieffels's ghost (novice MiBe)
  6943 | D:7      | Found a runed translucent gate.
  6994 | D:7      | You add the spells Necrotise, Anguish, Borgnjor's Vile
                  | Clutch and Haunt to your library.
  6994 | D:7      | Got Sif Muna's Reference Book on Shades
  7058 | D:7      | Noticed a moth of wrath
  7061 | D:7      | Found a bloodstained altar of Trog.
  7152 | D:7      | Reached skill level 7 in Transmutations
  7282 | D:7      | Reached skill level 7 in Unarmed Combat
  7378 | D:7      | Identified the +7 ring mail of Morality {rPois Str-2 Dex+3}
  7379 | D:7      | You pick up a book of Changes and begin reading...
  7475 | D:7      | Reached skill level 5 in Shields
  7886 | D:8      | Reached skill level 8 in Unarmed Combat
  7886 | D:8      | Reached skill level 8 in Transmutations
  7949 | D:8      | Noticed a troll
  7962 | D:8      | Killed a troll
  8126 | D:8      | Found an iron altar of Okawaru.
  8156 | D:8      | Reached skill level 9 in Unarmed Combat
  8370 | D:8      | Found a runed translucent door.
  8414 | D:8      | Reached **** piety under Wu Jian
  8424 | D:8      | Reached XP level 10. HP: 46/78 MP: 16/16
  8430 | D:8      | Reached skill level 9 in Transmutations
  8436 | D:8      | Learned a level 5 spell: Blade Hands
  8605 | D:8      | Reached skill level 10 in Transmutations
  8725 | D:8      | Found a burning altar of Makhleb.
  8725 | D:8      | Noticed a sixfirhy
  8933 | D:9      | HP: 18/78 [orc priest/divine providence (14)]
  8936 | D:9      | HP: 7/78 [orc priest/divine providence (10)]
  8943 | D:8      | Reached skill level 11 in Transmutations
  9064 | D:9      | Noticed a two-headed ogre
  9073 | D:9      | Killed a two-headed ogre
  9321 | D:9      | Reached skill level 12 in Transmutations
  9539 | D:9      | Noticed Psyche
  9548 | D:9      | Killed Psyche
  9549 | D:9      | Reached XP level 11. HP: 84/84 MP: 17/17
  9688 | D:9      | Found a hide-covered altar of Uskayaw.
  9954 | D:9      | Found a basalt altar of Yredelemnul.
 10301 | D:10     | Entered Level 10 of the Dungeon
 10321 | D:10     | Found a blossoming altar of Fedhas.
 10623 | D:4      | Bought a +4 ring of slaying for 858 gold pieces
 10873 | D:10     | Noticed a stone giant
 10883 | D:10     | Killed a stone giant
 10884 | D:10     | Reached skill level 13 in Transmutations
 10885 | D:10     | Reached ***** piety under Wu Jian
 10894 | D:10     | Reached skill level 10 in Unarmed Combat
 10895 | D:10     | HP: 6/84 [acid dragon/splash of acid (24)]
 10903 | D:10     | HP: 13/84 [acid dragon/splash of acid (15)]
 11197 | D:10     | Found a glowing silver altar of Zin.
 11200 | D:10     | Noticed an angel
 11203 | D:10     | Found a shimmering altar of Xom.
 11405 | D:11     | Noticed a boulder beetle
 11412 | D:11     | Killed a boulder beetle
 11413 | D:11     | Reached skill level 11 in Unarmed Combat
 11571 | D:11     | Noticed a centaur warrior
 11583 | D:11     | Killed a centaur warrior
 11904 | D:11     | Found a staircase to the Lair.
 12035 | D:11     | Reached skill level 12 in Unarmed Combat
 12247 | D:12     | Noticed a deep elf pyromancer
 12251 | D:12     | Killed a deep elf pyromancer
 12327 | Lair:1   | Entered Level 1 of the Lair of Beasts
 12465 | Lair:1   | Reached skill level 5 in Fighting
 12465 | Lair:1   | HP: 21/86 [poisoned by a cane toad]
 12470 | Lair:1   | HP: 10/86 [poisoned by a cane toad]
 12475 | Lair:1   | HP: 6/86 [poisoned by a cane toad]
 12885 | Lair:1   | Reached XP level 12. HP: 94/94 MP: 18/18
 13212 | Lair:1   | HP: 21/95 [harpy simulacrum (16)]
 13213 | Lair:1   | HP: 8/95 [harpy simulacrum (11)]
 13493 | Lair:1   | Reached skill level 6 in Fighting
 13743 | Lair:1   | Reached skill level 13 in Unarmed Combat
 13748 | Lair:1   | Reached skill level 7 in Fighting
 13748 | Lair:1   | HP: 24/100 [yak (8)]
 13749 | Lair:1   | Noticed a death yak
 13753 | Lair:1   | HP: 15/100 [yak (11)]
 13753 | Lair:1   | Slain by a death yak

Vanquished Creatures
  A stone giant (D:10)
  A centaur warrior (D:11)
  A boulder beetle (D:11)
  A two-headed ogre (D:9)
  A bog body (Lair:1)
  A deep elf pyromancer (D:12)
  A salamander (shapeshifter) (D:10)
  A cyclops (D:11)
  A cane toad (Lair:1)
  Psyche (D:9)
  A gargoyle (D:12)
  2 unseen horrors (D:10)
  A cane toad (shapeshifter) (D:10)
  A rime drake (Lair:1)
  A komodo dragon (Lair:1)
  2 ice devils (Lair:1)
  3 trolls
  6 slime creatures
  A shadow (D:10)
  A wyvern (D:7)
  27 yaks
  Eustachio (D:4)
  2 basilisks (Lair:1)
  A steam dragon (D:6)
  A death yak simulacrum (Lair:1)
  A harpy simulacrum (Lair:1)
  Menkaure (Ossuary)
  2 water moccasins
  2 acid dragons
  2 orc warriors
  A sky beast (D:6)
  2 ice beasts (D:6)
  4 black bears
  2 ogres (D:6)
  3 wolves (Lair:1)
  A phantom (D:4)
  9 centaurs
  2 kobold brigands
  3 bullfrogs
  2 gnoll sergeants (D:8)
  3 scorpions
  A two-headed ogre simulacrum (Lair:1)
  3 wights (D:10)
  10 killer bees
  6 howler monkeys
  A jelly (D:4)
  11 orc priests
  A hound (D:6)
  A sleepcap (D:6)
  2 iguanas
  4 orc wizards
  3 mummies (Ossuary)
  7 gnolls (D:8)
  7 adders
  A naga simulacrum (Lair:1)
  2 shadow imps (D:7)
  3 white imps
  An ufetubus (D:7)
  4 worms
  3 dart slugs
  30 orcs
  5 ball pythons (D:4)
  6 endoplasms (D:2)
  2 giant cockroaches
  A gnoll zombie (Ossuary)
  7 goblins
  4 hobgoblins
  10 jackals
  2 quokkas
  10 bats
  12 frilled lizards
  2 gnoll skeletons (Ossuary)
  5 goblin skeletons (Ossuary)
  6 goblin zombies (Ossuary)
  6 hobgoblin skeletons (Ossuary)
  2 hobgoblin zombies (Ossuary)
  22 kobolds
  4 kobold skeletons (Ossuary)
  6 kobold zombies (Ossuary)
  4 orc skeletons (Ossuary)
  4 orc zombies (Ossuary)
  5 rats
  4 rat skeletons (Ossuary)
  6 rat zombies (Ossuary)
337 creatures vanquished.

Vanquished Creatures (others)
  A kobold brigand (D:8)
  5 fungi (Lair:1)
  6 plants
12 creatures vanquished.

Grand Total: 349 creatures vanquished

Table legend:
 A = Non-vault XP
 B = Vault XP
 C = Vault XP percentage of total XP
 D = Non-vault monster count
 E = Vault monster count
 F = Vault count percentage of total count
                 A         B        C        D         E       F
            +---------+---------+-------+---------+---------+-------
      Total |   18851 |    7391 |  28.2 |     226 |     112 |  33.1
            +---------+---------+-------+---------+---------+-------
        D:1 |      29 |       4 |  12.1 |      17 |       1 |   5.6
        D:2 |      30 |      10 |  25.0 |      17 |      10 |  37.0
        D:3 |     153 |       0 |   0.0 |      18 |       0 |   0.0
        D:4 |     325 |     197 |  37.7 |      20 |       1 |   4.8
        D:5 |     339 |       0 |   0.0 |      14 |       0 |   0.0
        D:6 |    1481 |       0 |   0.0 |      19 |       0 |   0.0
        D:7 |     832 |      17 |   2.0 |      13 |       5 |  27.8
        D:8 |    4562 |       0 |   0.0 |      49 |       0 |   0.0
        D:9 |    2534 |     688 |  21.4 |      18 |      20 |  52.6
       D:10 |    1286 |    3091 |  70.6 |      10 |       8 |  44.4
       D:11 |    3392 |       0 |   0.0 |      15 |       0 |   0.0
       D:12 |     963 |       0 |   0.0 |       2 |       0 |   0.0
     Lair:1 |    2925 |    3122 |  51.6 |      14 |      13 |  48.1
    Ossuary |       0 |     262 | 100.0 |       0 |      54 | 100.0
            +---------+---------+-------+---------+---------+-------

Illustrated notes

Table legend:
 A = Kills in this place as a percentage of kills in the entire game.
 B = Kills by you in this place as a percentage of kills by you in the entire game.
 C = Kills by friends in this place as a percentage of kills by friends in the entire game.
 D = Other kills in this place as a percentage of other kills in the entire game.
 E = Experience gained in this place as a percentage of experience gained in the entire game.
 F = Experience gained in this place divided by the number of levels of this place that you have seen.
                   A       B       C       D       E      F
               +-------+-------+-------+-------+-------+----------------------
         Total | 100.0 | 100.0 |   N/A | 100.0 | 100.0 | 1749.5
       Dungeon |  76.0 |  76.0 |   N/A | 100.0 |  76.0 | 1661.1
          Lair |   8.0 |   8.0 |   N/A |   0.0 |  23.0 | 6047.0
       Ossuary |  16.0 |  16.0 |   N/A |   0.0 |   1.0 | 262.0
               +-------+-------+-------+-------+-------+----------------------

Table legend: (Time is in decaauts)
 A = Elapsed time spent in this place.
 B = Non-inter-level travel time spent in this place.
 C = Inter-level travel time spent in this place.
 D = Time resting spent in this place.
 E = Time spent auto-exploring this place.
 F = Levels seen in this place.
 G = Mean time per level.
                   A        B        C        D        E       F      G
               +--------+--------+--------+--------+--------+-----+--------+
         Total |  13756 |  13139 |    617 |   2891 |   7700 |  15 |  917.1 |
       Dungeon |  11718 |  11122 |    596 |   1988 |   7173 |  12 |  976.5 |
        Temple |     68 |     47 |     21 |      0 |     31 |   1 |   68.0 |
          Lair |   1430 |   1430 |      0 |    843 |    371 |   1 | 1430.0 |
       Ossuary |    539 |    539 |      0 |     60 |    125 |   1 |  539.0 |
               +--------+--------+--------+--------+--------+-----+--------+

Top non-repeatable levels by time:
     D:8: 1544 daAuts
  Lair:1: 1430 daAuts
     D:3: 1416 daAuts
     D:9: 1200 daAuts
     D:6: 1113 daAuts
     D:5: 1063 daAuts
     D:2: 975 daAuts
     D:4: 949 daAuts
    D:11: 890 daAuts
    D:10: 887 daAuts
     D:1: 823 daAuts
     D:7: 819 daAuts
 Ossuary: 539 daAuts
  Temple: 68 daAuts
    D:12: 34 daAuts
